 Dungeon Crawl Stone Soup version 0.23.2-30-g0e89c35649 (webtiles) character file.

Game seed: 3800245863157202882

10557 Destapler the Covert (level 11, -8/56 HPs)
             Began as a Spriggan Venom Mage on June 10, 2019.
             Was an Initiate of Gozag.
             Mangled by a wolf spider simulacrum (11 damage)
             ... in an ice cave on June 11, 2019.
             The game lasted 04:22:30 (19305 turns).

Destapler the Covert (Spriggan Venom Mage)         Turns: 19305, Time: 04:22:30

Health: -8/56      AC:  4    Str:  4    XL:     11   Next: 37%
Magic:  22/24      EV: 22    Int: 19    God:    Gozag
Gold:   1994       SH:  7    Dex: 18    Spells: 10/27 levels left

rFire    . . .     SeeInvis +   a - +5 short sword of the Hidden Vale {flame, rN+ Stlth+}
rCold    . . .     Gourm    .   l - +0 buckler
rNeg     + . .     Faith    .   o - +0 robe
rPois    .         Spirit   .   (helmet restricted)
rElec    .         Reflect  .   h - +1 cloak
rCorr    .         Harm     .   (gloves unavailable)
MR       +....                  (boots unavailable)
Stlth    ++++++....             B - amulet of the acrobat
HPRegen  0.18/turn              e - ring of wizardry
MPRegen  0.19/turn              P - ring of stealth

@: gold aura, very quick
A: very small, unfitting armour, see invisible, herbivore, speed 3, slow
metabolism 2
a: Potion Petition, Call Merchant, Bribe Branch, Renounce Religion


You were in an ice cave.
You worshipped Gozag.
Gozag was most pleased with you.
You were not hungry.

You visited 2 branches of the dungeon, and saw 13 of its levels.
You also visited: Bailey and Ice Cave.

You collected 3038 gold pieces.
You spent 1010 gold pieces at shops.
You paid 34 gold pieces to Gozag.

Inventory:

Hand Weapons
 a - the +5 short sword of the Hidden Vale (weapon) {flame, rN+ Stlth+}
   (You bought it in a shop on level 9 of the Dungeon)

   It has been specially enchanted to burn those struck by it, causing extra
   injury to most foes and up to half again as much damage against particularly
   susceptible opponents.
   It protects you from negative energy.
   It makes you more stealthy.
 b - the +1 hunting sling of Kysigh {flame, rElec}
   (You bought it in a shop on level 9 of the Dungeon)

   It causes projectiles fired from it to burn those they strike, causing extra
   injury to most foes and up to half again as much damage against particularly
   susceptible opponents.
   It insulates you from electricity.
 K - a +1 blowgun
 W - a +2 dagger of speed
Missiles
 g - 198 stones (quivered)
 p - 8 needles of confusion
 x - 43 poisoned needles
 y - 63 sling bullets
Armour
 h - a +1 cloak (worn)
 l - a +0 buckler (worn)
 o - a +0 robe (worn)
Jewellery
 e - a ring of wizardry (left hand)
 m - an uncursed ring of positive energy
 u - an uncursed ring of fire
 B - an amulet of the acrobat (around neck)
 D - a +3 ring of protection {unknown}
 L - an uncursed ring of protection from fire
 P - a ring of stealth (right hand)
Wands
 v - a wand of iceblast (9)
 z - a wand of scattershot (7)
 F - a wand of acid (6)
 N - a wand of paralysis (9)
 T - a wand of random effects (21)
 V - a wand of digging (5)
Scrolls
 d - a scroll of identify
 f - 4 scrolls of amnesia
 i - a scroll of noise {unknown}
 j - 8 scrolls of teleportation
 r - 3 scrolls of blinking
 s - a scroll of magic mapping
 E - 3 scrolls of fog
 H - a scroll of torment {unknown}
 I - a scroll of brand weapon
 J - a scroll of enchant armour
 M - 2 scrolls of enchant weapon
 O - a scroll of immolation
 Q - a scroll of silence {unknown}
 U - 2 scrolls of fear {unknown}
Potions
 k - 2 potions of lignification
 n - 4 potions of resistance
 q - a potion of invisibility {unknown}
 t - a potion of curing
 C - 2 potions of flight
 G - 2 potions of mutation {unknown}
 R - a potion of ambrosia {unknown}
 S - a potion of brilliance {unknown}
Miscellaneous
 A - a phantom mirror
Comestibles
 c - 16 rations


   Skills:
 + Level 6.3 Fighting
 * Level 8.1 Short Blades
 + Level 4.6 Slings
 - Level 7.0 Dodging
 + Level 9.1 Stealth
 - Level 3.1 Shields
 + Level 8.7 Spellcasting
 - Level 2.0 Conjurations
 - Level 2.0 Summonings
 - Level 4.3 Translocations
 - Level 3.2 Air Magic
 - Level 7.0 Poison Magic


You had 10 spell levels left.
You knew the following spells:

 Your Spells              Type           Power        Failure   Level  Hunger
a - Sting                 Conj/Pois      ####         1%          1    None
b - Blink                 Tloc           N/A          1%          2    None
c - Mephitic Cloud        Conj/Pois/Air  ###.....     2%          3    None
d - Magic Dart            Conj           ###.         1%          1    None
e - Olgreb's Toxic Radia  Pois           ####....     2%          4    ###....
f - Call Imp              Summ           ###.....     3%          2    None
g - Airstrike             Air            ###.......   12%         4    ###....

Your spell library contained the following spells:

 Spells                   Type           Power        Failure   Level  Hunger
 Shock                    Conj/Air       ###.         1%          1    None
 Poisonous Vapours        Pois/Air       ####..       1%          2    None
 Shroud of Golubria       Chrm/Tloc      ###.......   2%          2    None
 Swiftness                Chrm/Air       ##......     3%          2    None
 Corona                   Hex            #......      4%          1    None
 Infusion                 Chrm           #...         4%          1    None
 Sandblast                Erth           #.....       4%          1    None
 Static Discharge         Conj/Air       ###.....     4%          3    None
 Ensorcelled Hibernation  Hex/Ice        #.....       7%          2    None
 Passwall                 Tmut/Erth      #.......     7%          2    None
 Slow                     Hex            #.......     7%          2    None
 Song of Slaying          Chrm           #.......     7%          2    None
 Conjure Flame            Conj/Fire      ##......     9%          3    None
 Dazzling Spray           Conj/Hex       ##....       9%          3    None
 Stone Arrow              Conj/Erth      ##....       9%          3    None
 Confuse                  Hex            #.......     13%         3    None
 Regeneration             Chrm/Necr      #.........   13%         3    None
 Spectral Weapon          Hex/Chrm       #.......     13%         3    None
 Tukima's Dance           Hex            #.......     13%         3    None
 Venom Bolt               Conj/Pois      ####......   19%         5    #####..
 Petrify                  Tmut/Erth      #.......     38%         4    ###....
 Lightning Bolt           Conj/Air       ###.......   38%         5    #####..
 Lee's Rapid Deconstruct  Erth           #.........   73%         5    #####..


Dungeon Overview and Level Annotations

Branches:
Dungeon (12/15)            Temple (1/1) D:5             Orc (0/2) D:11
   Lair: D:8-11

Altars:
Ashenzari
Cheibriados
Dithmenos
Elyvilon
Fedhas
Gozag
Hepliaklqana
Kikubaaqudgha
Makhleb
Nemelex Xobeh
Okawaru
Qazlal
Ru
Sif Muna
Trog
Uskayaw
Vehumet
Wu Jian
Xom
Yredelemnul
Zin
The Shining One

Shops:
D:5 =   D:6 }   D:9 (

Annotations:
D:12 Sonja


Innate Abilities, Weirdness & Mutations

You are very small and have problems with some larger weapons.
You are too small for most types of armour.
You have supernaturally acute eyesight. (SInv)
You are a herbivore.
You cover ground extremely quickly.
You need to consume almost no food.


Message History

The wolf spider simulacrum barely misses you.
Your crimson imp blinks!
Your crimson imp hits the wolf spider simulacrum.
The wolf spider simulacrum barely misses your crimson imp.
The wolf spider simulacrum bites your crimson imp!
The wolf spider simulacrum freezes your crimson imp!!
Your crimson imp is frozen!
Your crimson imp dies!
Press: ? - help, v - describe, . - travel The floor.
You hit the wolf spider simulacrum.
You melt the wolf spider simulacrum.
The wolf spider simulacrum is severely damaged.
The wolf spider simulacrum hits you.
The wolf spider simulacrum freezes you!!
* * * LOW HITPOINT WARNING * * *
The wolf spider simulacrum closely misses you.
There is an ice covered gate leading back out of this place here.
The wolf spider simulacrum hits you!
You die...
Your body crumbles into a pile of gold.

#####
##...##
##..@..##
#...Z...#
#...∩...#
##..$$.##
##...##
#.5.#
##...
#...#
...##


You could see a wolf spider simulacrum and a friendly crimson imp.

Vanquished Creatures
  A two-headed ogre (D:8)
  Pikel (D:6)
  Joseph (D:7)
  Prince Ribbit (D:6)
  2 hippogriffs
  A spriggan (D:8)
  A wyvern (D:9)
  14 yaks
  A hungry ghost (D:8)
  Edmund (D:6)
  3 water moccasins
  A slave (D:6)
  3 sky beasts
  2 phantoms
  5 orc warriors
  3 ice beasts
  3 ogres
  A black bear (D:9)
  A centaur (D:9)
  5 bullfrogs
  7 gnoll sergeants (Bailey)
  A wyvern zombie (D:9)
  A jelly (D:7)
  2 scorpions
  10 killer bees (D:10)
  8 wights
  An electric eel (D:9)
  A howler monkey (D:8)
  2 crimson imps
  2 quasits
  9 orc priests
  11 hounds
  A bullfrog skeleton (D:6)
  2 centaur skeletons
  Jessica (D:2)
  7 gnoll shamans
  14 orc wizards
  A polar bear simulacrum (IceCv)
  8 worker ants
  7 iguanas
  2 wolf simulacra (IceCv)
  2 hound skeletons
  A worker ant zombie (D:10)
  16 adders
  28 gnolls
  3 shadow imps
  2 adder zombies
  2 oozes (D:3)
  An adder skeleton (D:4)
  A worm (D:3)
  5 leopard geckos
  41 orcs
  4 ball pythons
  9 giant cockroaches
  10 goblins
  5 hobgoblins
  7 jackals
  6 quokkas
  3 bats
  11 frilled lizards
  13 kobolds
  A leopard gecko skeleton (D:4)
  A leopard gecko zombie (D:5)
  3 quokka skeletons
  6 rats
330 creatures vanquished.

Vanquished Creatures (collateral kills)
  An ice beast (D:8)
  A big kobold (D:8)
  A gnoll sergeant (Bailey)
  An orc wizard (D:9)
  A worker ant (D:8)
  A leopard gecko (D:9)
  An orc (D:9)
  2 kobolds (D:8)
9 creatures vanquished.

Vanquished Creatures (others)
  2 slaves (D:6)
  An orc wizard (D:6)
  A worker ant (D:9)
  An adder (D:6)
  15 plants (D:9)
20 creatures vanquished.

Grand Total: 359 creatures vanquished

Notes
Turn   | Place    | Note
-------+----------+-------------------------------------------
     0 | D:1      | Destapler the Spriggan Venom Mage began the quest for the
                  | Orb.
     0 | D:1      | Reached XP level 1. HP: 9/9 MP: 5/5
   131 | D:1      | Reached XP level 2. HP: 13/13 MP: 0/6
   154 | D:1      | Reached skill level 1 in Conjurations
   414 | D:1      | You fall through a shaft!
   489 | D:2      | Noticed Jessica
   523 | D:2      | Reached XP level 3. HP: 16/16 MP: 3/8
  1321 | D:2      | Reached skill level 1 in Slings
  1321 | D:2      | Reached skill level 4 in Stealth
  1499 | D:2      | Reached XP level 4. HP: 21/21 MP: 9/9
  1519 | D:2      | Killed Jessica
  1820 | D:2      | Found an opulent altar of Gozag.
  1857 | D:2      | Became a worshipper of Gozag Ym Sagoz the Greedy
  2256 | D:3      | Reached XP level 5. HP: 3/24 MP: 10/10
  2575 | D:3      | Found a shadowy altar of Dithmenos.
  2643 | D:3      | Reached skill level 1 in Short Blades
  3362 | D:4      | Reached skill level 5 in Stealth
  3362 | D:4      | Reached XP level 6. HP: 22/28 MP: 5/12
  3472 | D:4      | Found a hazy altar of Hepliaklqana.
  3558 | D:4      | Reached skill level 5 in Dodging
  3967 | D:5      | Entered Level 5 of the Dungeon
  4259 | D:5      | Found a glowing silver altar of Zin.
  4312 | D:5      | Found Amelip's Jewellery Shoppe.
  4405 | D:5      | Noticed a fire elemental
  4406 | D:5      | Found a stormy altar of Qazlal.
  4409 | D:5      | Noticed a water elemental
  4409 | D:5      | Noticed an air elemental
  4427 | D:6      | Noticed Edmund
  4532 | D:4      | Reached XP level 7. HP: 23/32 MP: 9/14
  4747 | D:4      | Found a bloodstained altar of Trog.
  4918 | D:4      | Reached skill level 6 in Stealth
  5907 | D:4      | Reached skill level 5 in Spellcasting
  6578 | D:5      | Found a shattered altar of Ashenzari.
  6583 | D:5      | Learned a level 3 spell: Mephitic Cloud
  6784 | D:5      | HP: 1/32 [orc wizard/magic dart (6)]
  7400 | D:5      | Bought the ring of Yghaocka {Wiz *Corrode +Blink rF+} for
                  | 590 gold pieces
  7437 | D:5      | Reached skill level 7 in Stealth
  7723 | D:4      | Reached XP level 8. HP: 28/36 MP: 7/16
  8023 | D:5      | Learned a level 2 spell: Blink
  8025 | D:5      | Learned a level 1 spell: Magic Dart
  8079 | D:5      | Found a sacrificial altar of Ru.
  8079 | D:5      | Found a shadowy altar of Dithmenos.
  8187 | D:5      | Found a glowing silver altar of Zin.
  8271 | D:5      | Found a staircase to the Ecumenical Temple.
  8354 | Temple   | Entered the Ecumenical Temple
  8678 | D:6      | Reached skill level 1 in Shields
  8769 | D:6      | Noticed Pikel
  8800 | D:6      | Reached skill level 1 in Fighting
  8800 | D:6      | Reached skill level 1 in Air Magic
  8815 | D:6      | Killed Pikel
  9187 | D:6      | Reached XP level 9. HP: 40/43 MP: 10/17
  9388 | D:6      | Noticed Prince Ribbit
  9390 | D:6      | Reached skill level 5 in Poison Magic
  9451 | D:6      | Killed Prince Ribbit
  9643 | D:6      | Found a glowing silver altar of Zin.
  9705 | D:6      | Found Umoclog's Gadget Emporium.
  9730 | D:6      | Reached skill level 1 in Translocations
 10302 | D:6      | Killed Edmund
 11242 | D:7      | Noticed Joseph
 11250 | D:7      | Killed Joseph
 11250 | D:7      | Reached skill level 5 in Short Blades
 11547 | D:7      | Learned a level 4 spell: Olgreb's Toxic Radiance
 11869 | D:7      | Reached XP level 10. HP: 50/51 MP: 13/20
 12225 | D:7      | Found a glowing silver altar of Zin.
 12535 | D:8      | Reached skill level 5 in Fighting
 12749 | D:7      | Learned a level 2 spell: Call Imp
 13351 | D:8      | Noticed a two-headed ogre
 13365 | D:8      | Killed a two-headed ogre
 14769 | D:9      | Learned a level 4 spell: Airstrike
 14901 | D:9      | Found Ydall's Antique Weapon Shop.
 14948 | D:9      | Bought a warped short sword for 232 gold pieces
 14948 | D:9      | Bought a shimmering hunting sling for 188 gold pieces
 14948 | D:9      | Identified the cursed +1 hunting sling of Kysigh {flame,
                  | rElec} (You bought it in a shop on level 9 of the Dungeon)
 14951 | D:9      | Identified the +5 short sword of the Hidden Vale {flame,
                  | rN+ Stlth+} (You bought it in a shop on level 9 of the
                  | Dungeon)
 15176 | D:9      | Reached skill level 8 in Stealth
 15975 | D:8      | Reached skill level 1 in Summonings
 16160 | D:8      | Reached XP level 11. HP: 52/56 MP: 12/24
 16354 | D:10     | Entered Level 10 of the Dungeon
 16377 | D:10     | Found a flagged portal.
 16447 | Bailey   | Entered a bailey
 18738 | D:9      | Reached skill level 9 in Stealth
 19208 | D:11     | Found a staircase to the Orcish Mines.
 19217 | D:11     | Noticed a death yak
 19278 | D:12     | Found a frozen archway.
 19283 | D:12     | Noticed Sonja
 19287 | IceCv    | Entered an ice cave
 19303 | IceCv    | HP: 2/56 [wolf spider simulacrum (26)]
 19305 | IceCv    | Mangled by a wolf spider simulacrum

Skill      XL: |  1  2  3  4  5  6  7  8  9 10 11 |
---------------+----------------------------------+-----
Conjurations   | 1 2 |  2.0
Spellcasting   | 3 4 5 6 8 |  8.7
Slings         | 1 2 3 4 |  4.6
Stealth        | 4 5 7 8 9 |  9.1
Dodging        | 4 5 6 7 |  7.0
Short Blades   | 1 2 4 5 7 8 |  8.1
Shields        | 3 |  3.1
Poison Magic   | 4 5 7 |  7.0
Fighting       | 2 4 6 |  6.3
Air Magic      | 2 3 |  3.2
Translocations | 4 |  4.3
Summonings     | 1 2 |  2.0

Action                   |  1- 3 |  4- 6 |  7- 9 | 10-12 || total
-------------------------+-------+-------+-------+-------++-------
Melee: Short sword       |     4 |       |       |   303 ||   307
       Dagger            |       |    34 |   386 |    96 ||   516
 Fire: Hunting sling     |    15 |    34 |    12 |    12 ||    73
Throw: Stone             |       |       |     3 |       ||     3
 Cast: Sting             |    60 |   137 |   328 |   302 ||   827
       Mephitic Cloud    |       |       |    13 |    19 ||    32
       Magic Dart        |       |       |    26 |   131 ||   157
       Blink             |       |       |     2 |    15 ||    17
       Call Imp          |       |       |       |    43 ||    43
       Olgreb's Toxic Ra |       |       |       |     4 ||     4
       Airstrike         |       |       |       |     2 ||     2
Evoke: Wand              |       |       |       |     4 ||     4
  Use: Scroll            |       |     8 |     6 |     8 ||    22
       Potion            |       |       |     2 |     6 ||     8
 Stab: Sleeping          |       |       |     8 |    16 ||    24
       Confused          |       |       |     4 |     4 ||     8
       Distracted        |       |       |       |     2 ||     2
  Eat: Ration            |       |     1 |     3 |     5 ||     9
Armor: Robe              |     3 |     3 |    61 |    25 ||    92
Dodge: Dodged            |    11 |    92 |   460 |   295 ||   858
Block: Buckler           |       |     2 |   153 |   132 ||   287
